Map: Acid Plant LE

Players

LiquidTLO (TLO) - Winner!

  • Race: Zerg Zerg
  • Spawn Location: 5:00

Cham

  • Race: Zerg Zerg
  • Spawn Location: 11:00

Event: WCS Austin 2018

VOD

Have the link to the VOD?

Description

Time

  • Played on: June 1, 2018, 4:31 p.m.
  • Length: 7:23

All games in this series

Show
View Real Time Build Order
Export as new Build Order

LiquidTLO Zerg - Winner!

Build Orders: 3 Hatch before Pool, Zergling Baneling 

Get SALT Encoding   

  12  0:00  Drone  
  13  0:08  Drone  
  14  0:16  Overlord  
  14  0:35  Drone x2  
  16  0:47  Hatchery  
  15  0:51  Drone  
  15  0:55  Drone  
  17  0:58  Drone  
  18  1:20  Hatchery  
  18  1:22  Drone  
  18  1:25  Drone  
  19  1:29  Extractor  
  18  1:39  Spawning Pool  
  17  1:42  Drone  
  17  1:45  Drone  
  19  1:51  Drone  
  20  1:58  Drone  
  21  2:02  Drone  
  22  2:09  Drone  
  22  2:12  Drone  
  24  2:20  Drone  
  26  2:22  Drone  
  26  2:25  Queen  
  28  2:31  Queen, Metabolic Boost  
  28  2:35  Drone  
  31  2:37  Drone  
  31  2:41  Overlord  
  32  2:52  Overlord, Baneling Nest  
  32  2:54  Overlord  
  31  3:00  Zergling x2  
  31  3:01  Zergling x2  
  31  3:02  Zergling x2  
  34  3:11  Zergling x8  
  38  3:13  Zergling x2  
  38  3:15  Zergling x2  
  38  3:17  Zergling x2  
  41  3:26  Zergling x4  
  43  3:27  Zergling x2  
  44  3:35  Zergling x2  
  44  3:38  Zergling x6  
  44  3:39  Zergling x2  
  44  3:41  Zergling x2  
  50  3:43  Baneling x2  
  50  3:47  Overlord  
  49  3:50  Baneling  
  49  3:55  Overlord  
  49  3:56  Zergling x2  
  49  3:57  Baneling x2  
  50  4:07  Zergling x2  
  50  4:08  Zergling x2  
  50  4:09  Zergling x2  
  52  4:11  Zergling x4  
  52  4:12  Zergling x4  
  52  4:13  Zergling x2  
  52  4:16  Baneling x2, Zergling x2  
  54  4:18  Zergling x2  
  54  4:22  Zergling x2  
  54  4:23  Zergling x2  
  55  4:27  Baneling  
  55  4:30  Zergling x4  
  55  4:31  Zergling x2  
  52  4:38  Zergling x4  
  52  4:40  Zergling x2  
  52  4:42  Zergling x2  
  52  4:45  Baneling  
  53  4:49  Baneling  
  53  4:52  Baneling  
  50  4:53  Zergling x6  
  50  4:55  Baneling  
  50  4:57  Zergling x2  
  50  4:59  Zergling x2  
Show
View Real Time Build Order
Export as new Build Order

Cham Zerg 

Build Orders: Hatch First 

Get SALT Encoding   

  12  0:01  Drone  
  13  0:08  Drone  
  14  0:17  Overlord  
  14  0:35  Drone  
  14  0:36  Drone x2  
  17  0:52  Hatchery  
  17  0:56  Drone  
  17  0:58  Drone  
  17  1:01  Extractor  
  17  1:14  Spawning Pool  
  17  1:18  Drone  
  17  1:20  Drone  
  18  1:31  Drone  
  19  1:44  Overlord  
  19  1:52  Drone  
  20  2:00  Queen  
  20  2:01  Metabolic Boost  
  22  2:04  Queen  
  22  2:06  Drone  
  25  2:23  Hatchery  
  25  2:26  Drone  
  25  2:28  Drone  
  26  2:32  Drone  
  26  2:35  Drone  
  28  2:39  Drone  
  29  2:44  Overlord  
  29  2:51  Baneling Nest  
  29  2:55  Drone x2  
  30  3:01  Overlord  
  30  3:07  Zergling x6  
  33  3:14  Queen  
  33  3:17  Drone  
  33  3:19  Zergling x2  
  37  3:23  Zergling x2  
  37  3:25  Drone x2  
  40  3:29  Zergling x2  
  40  3:33  Drone x2  
  43  3:35  Baneling x2  
  43  3:36  Baneling  
  43  3:39  Drone  
  44  3:43  Drone x2  
  46  3:50  Drone  
  46  3:51  Drone x3  
  46  3:55  Drone x2  
  52  3:57  Zergling x2  
  52  3:59  Zergling x2  
  54  4:04  Zergling x2  
  54  4:10  Zergling x4  
  54  4:15  Zergling x2  
  53  4:17  Zergling x4  
  53  4:18  Zergling x6  
  53  4:19  Zergling x2  
  53  4:20  Zergling x2  
  58  4:27  Zergling x2  
  58  4:30  Queen  
  56  4:34  Baneling x2  
  48  4:40  Baneling  
  48  4:43  Zergling x10  
  48  4:44  Zergling x2  
  48  4:45  Zergling x2  
  40  4:52  Zergling x4  
  37  4:55  Zergling x2  
  37  4:59  Zergling x2  
Tags
 
Add a new tag
Caveats
  • Supply blocks, unpowered buildings, or Contaminate may cause inaccurate times.
  • Supply counts are checked every 10 seconds.